 Dungeon Crawl Stone Soup version 0.29.0-4-gdea44cf6ec (webtiles) character file.

Game seed: 9198866446079894631

26 qw the Chopper (level 3, -3/21 HPs)
             Began as a Tengu Warper on Aug 28, 2022.
             Slain by a gnoll
             ... wielding a +0 club
              (7 damage)
             ... on level 1 of the Dungeon.
             The game lasted 00:00:06 (872 turns).

qw the Chopper (Tengu Warper)                        Turns: 872, Time: 00:00:06

Health: -3/21      AC:  3    Str: 13    XL:     3   Next: 8%
Magic:  7/7        EV: 12    Int: 13    God:
Gold:   65         SH:  0    Dex: 13    Spells: 6/6 levels left

rFire   . . .      SeeInvis .   a - +0 hand axe
rCold   . . .      Faith    .   (no shield)
rNeg    . . .      Spirit   .   b - +0 leather armour
rPois   .          Reflect  .   (helmet restricted)
rElec   .          Harm     .   (no cloak)
rCorr   .          Rampage  .   (no gloves)
Will    .....                   (boots unavailable)
Stlth   +.........              (no amulet)
HPRegen 0.07/turn               (no ring)
MPRegen 0.10/turn               (no ring)

@: no status effects
A: beak, talons 3
a: no special abilities


You were on level 1 of the Dungeon.
You visited 1 branch of the dungeon, and saw 1 of its levels.

You collected 65 gold pieces.


Innate Abilities, Weirdness & Mutations

You have a beak for a mouth.
You have claws for feet.


   Skills:
 - Level 2.0 Fighting
 + Level 3.8 Axes
 - Level 1.0 Throwing
 - Level 1.1 Armour
 - Level 2.1 Dodging
 - Level 2.0 Spellcasting
 - Level 2.4 Translocations


You had 6 spell levels left.
You didn't know any spells.
Your spell library contained the following spells:

 Spells                   Type           Power      Damage    Failure   Level
 Blink                    Tloc           14%        N/A       19%         2
 Gell's Gravitas          Tloc           7%         N/A       36%         3
 Lesser Beckoning         Tloc           7%         N/A       36%         3
 Teleport Other           Tloc           7%         N/A       36%         3
 Manifold Assault         Tloc           7%         N/A       98%         5

Inventory:

Hand Weapons
 a - a +0 hand axe (weapon)
 d - a +0 whip
Armour
 b - a +0 leather armour (worn)
Jewellery
 f - a ring of poison resistance
Scrolls
 c - a scroll of blinking
 j - a scroll of immolation {unknown}
 l - a scroll of poison {unknown}
 m - a scroll of fog {unknown}
Potions
 e - 2 potions of mutation {unknown}
 g - a potion of flight {unknown}
 h - a potion of curing {unknown}
 i - a potion of degeneration {unknown}
 k - a potion of haste {unknown}

Dungeon Overview and Level Annotations

Branches:
Dungeon (1/15)

Altars:


Message History

The kobold closely misses you.
You closely miss the kobold. You peck the kobold, but do no damage.
The kobold hits you with a +0 club.
You hit the kobold. Your kick misses the kobold. You peck the kobold.
The kobold is severely wounded.
The kobold barely misses you.
You barely miss the kobold.
The kobold is severely wounded.
The goblin shouts!
The kobold barely misses you.
You hit the kobold.
You kill the kobold!
You slash the goblin!
You kill the goblin!
You start resting.
HP restored.
Things that are here:
a +0 club; a goblin corpse A gnoll comes into view.
It is wielding a +0 club.
There is an open door here.
Enter note: You hit the gnoll but do no damage.
You claw the gnoll.
The gnoll is moderately wounded.
The gnoll hits you with a +0 club!
You closely miss the gnoll. Your kick misses the gnoll.
The gnoll is moderately wounded.
The gnoll hits you with a +0 club.
You barely miss the gnoll.
The gnoll is moderately wounded.
The gnoll hits you with a +0 club.
You hit the gnoll.
The gnoll is severely wounded.
The gnoll misses you. The gnoll closely misses you.
You barely miss the gnoll. You peck the gnoll, but do no damage.
The gnoll is severely wounded.
The gnoll hits you with a +0 club.
You barely miss the gnoll. You claw the gnoll, but do no damage.
The gnoll is severely wounded.
The gnoll hits you with a +0 club!
You die...

#.##.##.##............##......##.
#.##.#...#............##......##.
#.##.#...#............####.#.###.
.........#............##......##.
#.##..#'##............##......##.
#.##..#.#######.......##.#.#.###.
####..# ######.......##......##.
.............##......##.
#######@####.####.##.##. #..g.#
##......##. #....# #......##.
#...?# ###...<##. #....#
#......##. '....+ #......##.
##....# #.#.#####. #....#
#......##. #......##.


You could see a gnoll.

Vanquished Creatures
  4 endoplasms (D:1)
  A giant cockroach (D:1)
  A hobgoblin (D:1)
  6 kobolds (D:1)
  A quokka (D:1)
  4 ball pythons (D:1)
  3 bats (D:1)
  2 frilled lizards (D:1)
  3 goblins (D:1)
  A rat (D:1)
26 creatures vanquished.

Notes
Turn   | Place    | Note
-------+----------+-------------------------------------------
     0 | D:1      | qw the Tengu Warper began the quest for the Orb.
     0 | D:1      | Reached XP level 1. HP: 12/12 MP: 4/4
     0 | D:1      | 0 ||| qw: Version: 0.1-a-89-g26bdef1
     0 | D:1      | 0 ||| qw: Game counter: 1225
     0 | D:1      | 0 ||| qw: Always use a shield: true
     0 | D:1      | 0 ||| qw: God list: Okawaru
     0 | D:1      | 0 ||| qw: Allow faded altars: false
     0 | D:1      | 0 ||| qw: Do Orc after D:15 true
     0 | D:1      | 0 ||| qw: Do second Lair branch before Depths: true
     0 | D:1      | 0 ||| qw: Lair rune preference: random
     0 | D:1      | 0 ||| qw: Plans: Normal
     0 | D:1      | 0 ||| PLANNING D:1-11
   275 | D:1      | Found a faded altar of an unknown god.
   280 | D:1      | 280 ||| Stepping ~*~*~tactically~*~*~ (stealth).
   289 | D:1      | Reached skill level 3 in Axes
   289 | D:1      | Reached XP level 2. HP: 15/17 MP: 6/6
   292 | D:1      | 292 ||| Stepping ~*~*~tactically~*~*~ (stealth).
   309 | D:1      | 309 ||| Stepping ~*~*~tactically~*~*~ (stealth).
   310 | D:1      | 310 ||| Stepping ~*~*~tactically~*~*~ (stealth).
   325 | D:1      | 325 ||| Stepping ~*~*~tactically~*~*~ (stealth).
   326 | D:1      | 326 ||| Stepping ~*~*~tactically~*~*~ (stealth).
   327 | D:1      | 327 ||| Stepping ~*~*~tactically~*~*~ (stealth).
   328 | D:1      | 328 ||| Stepping ~*~*~tactically~*~*~ (stealth).
   476 | D:1      | 476 ||| Stepping ~*~*~tactically~*~*~ (stealth).
   479 | D:1      | 479 ||| Stepping ~*~*~tactically~*~*~ (stealth).
   485 | D:1      | 485 ||| Stepping ~*~*~tactically~*~*~ (stealth).
   486 | D:1      | 486 ||| Stepping ~*~*~tactically~*~*~ (stealth).
   487 | D:1      | 487 ||| Stepping ~*~*~tactically~*~*~ (stealth).
   721 | D:1      | Reached XP level 3. HP: 21/21 MP: 7/7
   726 | D:1      | 726 ||| Stepping ~*~*~tactically~*~*~ (stealth).
   727 | D:1      | 727 ||| Stepping ~*~*~tactically~*~*~ (stealth).
   871 | D:1      | HP: 4/21 [gnoll/+0 club (6)]
   872 | D:1      | Slain by a gnoll

Levels and vault maps discovered:
D:1:      dpeg_arrival_ternary, layout_basic,
          ebering_ecumenical_altar_abandoned, chequers_serial_rivers_small_b,
          serial_bayou_pond_b

Skill      XL: |  1 |
---------------+----+-----
Axes           | 3 |  3.8
Fighting       | |  2.0
Throwing       | |  1.0
Armour         | |  1.1
Dodging        | |  2.1
Spellcasting   | |  2.0
Translocations | |  2.4

Action                   || total
-------------------------++-------
Melee: Hand axe          ||    50
       Kick              ||     7
       Peck              ||     5
Throw: Boomerang         ||     7
Armor: Leather armour    ||    13
Dodge: Dodged            ||    27

Table legend:
 A = Non-vault XP
 B = Vault XP
 C = Vault XP percentage of total XP
 D = Non-vault monster count
 E = Vault monster count
 F = Vault count percentage of total count
                 A         B        C        D         E       F
            +---------+---------+-------+---------+---------+-------
      Total |      31 |       7 |  18.4 |      22 |       4 |  15.4
            +---------+---------+-------+---------+---------+-------
        D:1 |      31 |       7 |  18.4 |      22 |       4 |  15.4
            +---------+---------+-------+---------+---------+-------
